Selects Airborne Battlegroup
Selects Heavy Machine Gun Paradrop
Heavy Machine Gun Paradrop
Heavy Machine Gun Paradrop
Heavy Machine Gun Paradrop
Selects Paratrooper Squad Paradrop
Paratrooper Squad Paradrop
Paratrooper Squad Paradrop
Construct Medical Station
Selects Carpet Bombing Run
Selects Anti-tank Gun Team Paradrop
Anti-tank Gun Team Paradrop
Construct Weapon Support Center
Anti-tank Gun Team Paradrop
M3 Armored Personnel Carrier